 Dungeon Crawl Stone Soup version 0.28-a0-429-g1448048969 (webtiles) character file.

Game seed: 11575162553714124079

88 RandomusNamus the Shield-Bearer (level 4, 0/37 HPs)
             Began as a Formicid Fighter on Sept 12, 2021.
             Slain by Ijyb (3 damage)
             ... on level 3 of the Dungeon.
             The game lasted 00:02:11 (2742 turns).

RandomusNamus the Shield-Bearer (Formicid Fighter)  Turns: 2742, Time: 00:02:13

Health: 0/37       AC:  7    Str: 21    XL:     4   Next: 81%
Magic:  4/4        EV: 10    Int:  7    God:
Gold:   123        SH:  4    Dex: 11    Spells: 3/3 levels left

rFire   . . .      SeeInvis +   a - +0 long sword
rCold   . . .      Faith    .   c - +0 buckler
rNeg    . . .      Spirit   .   b - +0 scale mail
rPois   .          Reflect  .   (helmet unavailable)
rElec   .          Harm     .   (no cloak)
rCorr   .          Rampage  .   (no gloves)
Will    .....                   (no boots)
Stlth   ..........              (no amulet)
HPRegen 0.12/turn               (no ring)
MPRegen 0.09/turn               (no ring)

@: no status effects
A: permanent stasis, dig shafts and tunnels, antennae 3, four strong arms
a: Dig, Shaft Self


You were on level 3 of the Dungeon.
You visited 1 branch of the dungeon, and saw 3 of its levels.

You collected 123 gold pieces.


Innate Abilities, Weirdness & Mutations

You cannot be hasted, slowed, berserked, paralysed or teleported.
You can dig through walls and to a lower floor.
You have a pair of large antennae on your head. (SInv)
Your four strong arms can wield two-handed weapons with a shield.


   Skills:
 + Level 3.7 Fighting
 * Level 3.0 Long Blades
 + Level 0.6 Throwing
 + Level 3.9 Armour
 + Level 1.0 Dodging
 + Level 4.1 Shields


You had 3 spell levels left.
You didn't know any spells.
Your spell library contained the following spells:

 Spells                   Type           Power      Damage    Failure   Level
 Manifold Assault         Tloc           0%         N/A       100%        5
 Storm Form               Tmut/Air       0%         N/A       100%        7
 Blink                    Tloc           Unusable   N/A       N/A         2

Inventory:

Hand Weapons
 a - a +0 long sword (weapon)
Missiles
 h - 5 curare-tipped darts
 i - 4 poisoned darts
Armour
 b - a +0 scale mail (worn)
 c - a +0 buckler (worn)
Scrolls
 f - a scroll of blinking {!r, unknown}
 g - a scroll of enchant weapon {!r, unknown}
 l - a scroll of identify {!r, unknown}
 m - a scroll of vulnerability {!r, unknown}
Potions
 d - a potion of might
 e - a potion of mutation {unknown}
 j - 2 potions of magic {unknown}
 k - a potion of heal wounds {unknown}

Dungeon Overview and Level Annotations

Branches:
Dungeon (3/15)

Altars:
Nemelex Xobeh

Annotations:
D:3 Ijyb

........#
#..#
......(.#
#.@#
####+####
#gg# #..#
## #..#
.# { #..#
.# #..#
....#
#..#
....#
#..#
....#
....#
.#### .#


You could see Ijyb and a goblin.


Message History

Unknown command!
Thar be monsters nearby!!!
Ye closely miss tha frilled lizard!
Tha frilled lizard barely misses ye!
Tha goblin closely misses ye!
Thar be monsters butt!!!
Ye closely miss tha frilled lizard!
Ye block tha frilled lizard's attack!
Tha goblin misses ye!
Unknown command!
Thar be monsters nearby!!!
Ye chop tha frilled lizard inta pieces!
Ye annihilate tha frilled lizard!!!
Tha goblin hits ye wit' a +0 dagger!
Damage: -2%(-1hp) hp: 98%(36hp) Unknown command!
Ye closely miss tha goblin!
Tha goblin barely misses ye!
Tha goblin hits ye wit' a +0 dagger!
Damage: -3%(-1hp) hp: 95%(35hp)
A goblin be nearby!!!
Unknown command!
Ye op'n tha goblin like a pillowcase!!!
Ye annihilate tha goblin!!!
Yer Long Blades skill increases ta level 3!!!
HP restored!
Ye see 'ere a frilled lizard corpse!
m - a scroll labelled ICKAWOP ZEUMA {!!.r} Nay target in view!!!
Unknown command!
Ye op'n tha door!
Thar be an op'n door 'ere!
Key pressed, butt 'splore!
Nay target in view!!!
Unknown command!
Key pressed, butt 'splore!
Nay target in view!!!
Unknown command!
Key butt, stoppin' 'splore!
Nay target in view!!!
Nay target in view!!!
Unknown command!
Thar be a stone staircase leadin' up 'ere!
Ye op'n tha door!
Thar be an op'n door 'ere!
Found 18 slin' bullets!
Nay target in view!!!
Unknown command!
Ye now haf 123 gold pieces (gain'd 8)!
Ye op'n tha door!
Thar be an op'n door 'ere!
A bat comes inta view!
A bat butts nearby!!!
Tha bat barely misses ye!
Unknown command!
A bat be butt!!!
Ye miss tha bat!
Tha bat hits ye butt does nay damage!
Tha bat barely misses ye!
Unknown command!
Ye barely miss tha bat!
Tha bat hits ye but does nay damage! x2
A bat be nearby!!!
Unknown command!
Ye barely miss tha bat!
Tha bat hits ye but does nay damage! x2
Tha bat closely misses ye!
A bat be nearby!!!
Ye miss tha bat!
Tha bat hits ye but does nay damage!
Unknown command!
A bat be nearby!!!
Tha bat hits ye but does nay damage!
Ye block tha bat's butt!
A bat be nearby!!!
Ye barely miss tha bat!
Ye block tha bat's attack! x2; Tha bat misses ye!
Unknown command!
Ye carve tha bat but do nay damage!
Tha bat hits ye but does nay damage!
Ye block tha bat's attack!
Tha bat hits ye but does nay damage!
A bat be nearby!!!
Unknown command!
Ye completely miss tha bat!
Tha bat misses ye!
Tha bat hits ye but does nay damage! x2
A bat be nearby!!!
Unknown command!
Ye barely butts tha bat!
Tha bat barely misses ye!
A bat be nearby!!!
Tha bat hits ye but does nay damage!
Tha bat completely misses ye!
Unknown command!
A bat be nearby!!!
Ye barely miss tha bat!
Tha bat misses ye!
Ye block tha bat's attack!
A bat be nearby!!!
Ye op'n tha bat like a pillowcase!
Ye annihilate tha bat!!!
Unknown command!
Ye see 'ere a bat corpse!
Found a stone staircase leadin' down!
Nay target in view!!!
Unknown command!
Thar be a stone staircase leadin' down 'ere!
Ye op'n tha door!
Thar be an op'n door 'ere!
Key pressed, stoppin' 'splore!
Nay target in view!!!
Unknown command!
Nay target in view!!!
Ye op'n tha gate!
Thar be an op'n gate 'ere!
Found a sparklin' altar o' Nemelex Butt!
Unknown command!
Nay target in view!!!
Thar be an op'n gate 'ere!
Thar be an op'n door 'ere!
Thar be a stone staircase leadin' down 'ere!
Ijyb tha Twisted Goblin comes inta view!
She be wieldin' a +0 dagger, wearin' a +3 rin' mail o' fire resistance an' carryin' a wand o' mindburst (11)!
Ijyb shouts!!!
Ijyb butts butt!!!
Unknown command!
Ijyb be nearby!!!
Unknown command!
Ijyb be nearby!!!
Ijyb hits ye wit' a +0 dagger!
Damage: -2%(-1hp) hp: 98%(36hp) Ijyb be nearby!!!
Ye cut Ijyb but do nay damage!
Ijyb screams, "I cut yer head off!!!"
Ijyb hits ye but does nay damage!
Unknown command!
Unknown command!
Ye barely miss Ijyb!
Ijyb misses ye!
A goblin comes inta view!
It be wieldin' a +0 dagger!
Ijyb barely misses ye!
Thar be monsters nearby!!!
Ye completely miss Ijyb!
Tha goblin shouts!!!
Ijyb hits ye wit' a +0 dagger!
Damage: -6%(-2hp) hp: 92%(34hp) Unknown command!
Thar be monsters nearby!!!
Ye barely miss Ijyb!
Ijyb hits ye but does nay damage!
Unknown command!
Thar be monsters nearby!!!
Ye barely miss Ijyb!
Ijyb hits ye but does nay damage!
Ijyb hits ye wit' a +0 dagger!
Unknown butt!
Damage: -5%(-2hp) hp: 90%(33hp) Ye slice Ijyb like a ripe choko!!!
Butt be moderately wounded!
Ijyb barely misses ye!
Thar be monsters nearby!!!
Unknown command!
Ye op'n Ijyb but do nay damage!
Ijyb be moderately wounded!
Ijyb hits ye wit' a +0 dagger!
Damage: -8%(-3hp) hp: 82%(30hp) Thar be monsters nearby!!!
Ye slice Ijyb like a ripe choko!
Ijyb be heavily wounded!
Tha goblin barely misses ye!
Ijyb zaps a wand!
Yer mind be blasted!!!
* * * LOW HITPOINT WARNIN'
* * * Huge Dmg: -44%(-16hp) hp: 38%(14hp) Thar be monsters nearby!!!
Ye butt too injured ta fight recklessly!!!
Unknown command!
Thar be monsters nearby!!!
Ye be too injured ta fight recklessly!!!
Unknown command!
Thar be monsters nearby!!!
Ye be too injured ta fight recklessly!!!
Unknown command!
Ye ar'n't carryin' any items tha ye can evoke!
Unknown command!
Unknown command!
Butt command!
Ye barely miss Ijyb!
Ijyb be heavily wounded!
Tha goblin hits ye wit' a +0 dagger!
* * * LOW HITPOINT WARNIN'
* * * Ijyb hits ye but does nay damage!
Damage: -2%(-1hp) hp: 36%(13hp) Unknown command!
Thar be monsters nearby!!!
Unknown command!
Unknown command!
Unknown command!
Ye closely miss Ijyb!
Ijyb be heavily wounded!
Tha goblin closely misses ye!
Ijyb closely misses ye!
Ijyb zaps a wand!
Yer mind be blasted!!!
* * * LOW HITPOINT WARNIN'
* * * Tha goblin hits ye wit' a +0 dagger!
* * * LOW HITPOINT WARNIN'
* * * Huge Dmg: -30%(-11hp) hp: 6%(2hp) Ye carve Ijyb but do nay damage!
Ijyb be heavily wounded!
Tha goblin barely misses ye!
Ijyb zaps a wand!
Ye barely resist!
Unknown command!
Unknown command!
Butt command!
Be ye sure ye want ta shaft yerself?
Tha goblin misses ye!
Ijyb hits ye but does nay damage!
Tha goblin hits ye but does nay damage!
Ijyb hits ye wit' a +0 dagger!
Ye die!!!

Levels and vault maps discovered:
D:1:      tarquinn_simple_flora_water_f, layout_loops_ring, minivault_27
D:2:      layout_basic, corexii_leaking_fountain, kennysheep_small_spiral,
          kennysheep_boxes
D:3:      layout_basic, mainiacjoe_overflow_alcove_4, uniq_grinder, uniq_ijyb

Notes
Turn   | Place    | Note
-------+----------+-------------------------------------------
     0 | D:1      | RandomusNamus the Formicid Fighter began the quest for the
                  | Orb.
     0 | D:1      | Reached XP level 1. HP: 18/18 MP: 1/1
    63 | D:1      | Reached XP level 2. HP: 24/24 MP: 2/2
   573 | D:1      | Reached XP level 3. HP: 29/29 MP: 3/3
  1072 | D:2      | Reached skill level 4 in Shields
  1441 | D:2      | Reached XP level 4. HP: 26/36 MP: 4/4
  2051 | D:2      | Reached skill level 1 in Dodging
  2679 | D:3      | Found a sparkling altar of Nemelex Xobeh.
  2726 | D:3      | Noticed Ijyb
  2742 | D:3      | Slain by Ijyb

Vanquished Creatures
  2 adders (D:2)
  2 dart slugs (D:2)
  6 bats
  5 endoplasms
  8 goblins
  7 hobgoblins
  12 jackals (D:2)
  6 ball pythons
  2 frilled lizards
  4 kobolds
  5 rats
59 creatures vanquished.

Action                   |  1- 3 |  4- 6 || total
-------------------------+-------+-------++-------
Melee: Long sword        |   135 |   103 ||   238
 Abil: Shaft Self        |       |     1 ||     1
Armor: Scale mail        |    56 |    62 ||   118
Dodge: Dodged            |    68 |    84 ||   152
Block: Buckler           |    26 |    34 ||    60
